 Dungeon Crawl Stone Soup version 0.18.1-50-g88ac8fd (webtiles) character file.

247 Peloso the Shield-Bearer (level 5, -1/46 HPs)
             Began as a Minotaur Fighter on Sept 25, 2016.
             Slain by an ogre
             ... wielding a +0 giant club
              (21 damage)
             ... on level 4 of the Dungeon.
             The game lasted 00:05:37 (2444 turns).

Peloso the Shield-Bearer (Minotaur Fighter)         Turns: 2444, Time: 00:05:37

Health: -1/46      AC: 10    Str: 21    XL:     5   Next: 85%
Magic:  4/4        EV:  8    Int:  5    God:
Gold:   321        SH: 10    Dex: 10    Spells: 0 memorised, 4 levels left

rFire  x . .     SeeInvis .     v - -2 short sword (curse)
rCold  + . .     Gourm    .     b - +0 scale mail
rNeg   . . .     Faith    .     c - +0 shield
rPois  .         Spirit   .     (helmet restricted)
rElec  .         Dismiss  .     (no cloak)
rCorr  .         Reflect  .     e - +0 pair of gloves
SustAt .         Harm     .     r - +1 pair of boots
MR     .....                    (no amulet)
Stlth  ..........               (no ring)
                                s - ring of ice

@: not resistant to hostile enchantments, extremely unstealthy
A: retaliatory headbutt, horns 2
a: no special abilities


You were on level 4 of the Dungeon.
You were not hungry.

You visited 1 branch of the dungeon, and saw 4 of its levels.

You collected 321 gold pieces.

Inventory:

Hand Weapons
 a - a +0 long sword
 v - a cursed -2 short sword (weapon)
 x - a +2 whip of distortion
Armour
 b - a +0 scale mail (worn)
 c - a +0 shield (worn)
 e - a +0 pair of gloves (worn)
 r - a +1 pair of boots (worn)
Jewellery
 s - a ring of ice (left hand)
Scrolls
 h - 2 scrolls of teleportation
 i - 3 scrolls of identify
 p - 2 scrolls of enchant armour
 q - a scroll of random uselessness {unknown}
 y - a scroll of amnesia
 A - a scroll of enchant weapon {unknown}
Potions
 d - a potion of might
 k - 2 potions of brilliance
 m - a potion of lignification {unknown}
 o - 2 potions of curing {unknown}
 u - a potion of degeneration {unknown}
 w - 2 potions of magic {unknown}
 z - a potion of cancellation {unknown}
Comestibles
 f - 5 bread rations
 g - 2 meat rations
 j - 2 chunks of flesh
 l - 2 royal jellies
 n - 3 fruits
 t - a slice of pizza


   Skills:
 + Level 4.1 Fighting
 + Level 0.2(2.0) Short Blades
 + Level 3.6 Long Blades
 + Level 5.1 Armour
 + Level 2.2 Dodging
 + Level 0.1 Stealth
 + Level 5.3 Shields


You had 4 spell levels left.
You didn't know any spells.

Dungeon Overview and Level Annotations

Branches:
Dungeon (4/15)
 Temple: D:4-7

Altars:
Cheibriados


Innate Abilities, Weirdness & Mutations

You reflexively headbutt those who attack you in melee.
You have a pair of horns on your head.


Message History

Found a stone staircase leading up.
You closely miss the ogre. You headbutt the ogre!
The ogre is moderately wounded.
The ogre hits you but does no damage.
You hit the ogre.
You headbutt the ogre, but do no damage.
The ogre is heavily wounded.
The ogre hits you with a giant club.
You barely miss the ogre.
The ogre is heavily wounded.
The ogre hits you with a giant club!!
You barely miss the ogre. Your headbutt misses the ogre.
The ogre is heavily wounded.
You hit the ogre.
The ogre is severely wounded.
You block the ogre's attack.
You hit the ogre. Your headbutt misses the ogre.
The ogre is severely wounded.
The ogre hits you with a giant club!!
You die...

#### ...# ##...### ...###
......# #..#.. ..<...
#..#.# ..... ...#.# #.#
#... .# #..#.# #.# #.. .#
#..#># #.# #O# ###.####
#..#.# #.# #@###.......
.....###.# #.........#
......##.# ####...##.#
...##.##.########........#
.........................#
#..##......#.####........#
#..##..#.###.# ###...##.#
#..##..#.# #.# #...# #
.........# #.# ##.##


You could see an ogre.

Vanquished Creatures
  An ogre (D:4)
  8 adders
  3 worms
  5 dart slugs
  A giant gecko (D:3)
  An orc (D:3)
  3 giant cockroaches
  7 goblins
  7 hobgoblins
  A quokka (D:2)
  6 bats
  2 giant newts
  3 kobolds
  38 rats
86 creatures vanquished.

Notes
Turn   | Place    | Note
--------------------------------------------------------------
     0 | D:1      | Peloso the Minotaur Fighter began the quest for the Orb.
     0 | D:1      | Reached XP level 1. HP: 19/19 MP: 0/0
   550 | D:1      | Reached XP level 2. HP: 27/27 MP: 1/1
   846 | D:2      | Reached XP level 3. HP: 11/33 MP: 2/2
  1205 | D:2      | Reached XP level 4. HP: 28/40 MP: 3/3
  1543 | D:3      | Reached skill level 1 in Dodging
  1543 | D:3      | Reached skill level 5 in Shields
  2045 | D:3      | Found a snail-covered altar of Cheibriados.
  2060 | D:3      | Reached XP level 5. HP: 42/46 MP: 4/4
  2161 | D:3      | You fall through a shaft!
  2327 | D:4      | Noticed an ogre
  2336 | D:4      | Killed an ogre
  2336 | D:4      | Reached skill level 5 in Armour
  2436 | D:4      | Noticed an ogre
  2444 | D:4      | Slain by an ogre

Skill      XL: |  1  2  3  4  5 |
---------------+----------------+-----
Shields        | 4 5 |  5.3
Armour         | 4 5 |  5.1
Fighting       | 4 |  4.1
Long Blades    | 3 |  3.6
Dodging        | 1 2 |  2.2
Short Blades   | |  0.2
Stealth        | |  0.1

Action                   |  1- 3 |  4- 6 || total
-------------------------+-------+-------++-------
Melee: Long sword        |   109 |    68 ||   177
       Headbutt          |    15 |    14 ||    29
       Short sword       |       |    64 ||    64
  Use: Scroll            |       |     8 ||     8
       Potion            |       |     1 ||     1
  Eat: Chunk             |     1 |     4 ||     5
Armor: Scale mail        |    49 |    39 ||    88
Dodge: Dodged            |    37 |    30 ||    67
Block: Shield            |    38 |    74 ||   112
